 Dungeon Crawl Stone Soup version 0.32-a0-630-g46d191b (webtiles) character file.

Game seed: 12925362767568592230

15988 MailTree the Grappler (level 12, -10/189 HPs)
             Began as a Troll Berserker on Mar 6, 2024.
             Was a High Priest of Trog.
             Killed from afar by an electric eel (14 damage)
             ... with a bolt of electricity
             ... on level 10 of the Dungeon.
             The game lasted 00:31:37 (8207 turns).

MailTree the Grappler (Troll Berserker)             Turns: 8207, Time: 00:31:37

Health: -10/189    AC:  5    Str: 30    XL:     12   Next: 6%
Magic:  11/11      EV: 11    Int:  5    God:    Trog [*****.]
Gold:   732        SH:  0    Dex: 13    Spells: 11/11 levels left

rFire   + .          .
                       - Unarmed
rCold   + . .        (no shield)
rNeg    . . .        a - +1 swamp dragon scales
rPois   +            Q - +0 hat {Will+}
rElec   .            T - +1 cloak
rCorr   .            (gloves unavailable)
SInv    .            (boots unavailable)
Will    +....        o - amulet of the acrobat Stlth
                     y - ring of Law {*Corrode rF+ Dex+4}
HPRegen 1.31/turn    J - ring of protection from cold
MPRegen 0.12/turn

%: corrode self (3%), acrobat
@: berserking, corroded, very quick
A: large, unfitting armour, claws 3, regeneration 1, shaggy fur 1, tough skin 1
a: Renounce Religion, Berserk, Trog's Hand, Brothers in Arms


You were on level 10 of the Dungeon.
You worshipped Trog.
Trog was extremely pleased with you.
You visited 2 branches of the dungeon, and saw 11 of its levels.
You also visited: Bailey.

You collected 732 gold pieces.

Inventory:

Missiles
 b - 30 stones
 d - 6 darts of dispersal
 k - 18 poisoned darts
 A - 17 boomerangs (quivered)
 K - 5 throwing nets
 L - 3 curare-tipped darts
Armour
 a - +1 swamp dragon scales (worn)
 p - a +2 robe
 Q - a +0 hat of willpower (worn)
 R - a +2 hat
 T - a +1 cloak (worn)
Jewellery
 o - an amulet of the acrobat (around neck)
 y - the ring of Law (left claw) {*Corrode rF+ Dex+4}
   (You found it on level 4 of the Dungeon)

   [ring of protection from fire]

   Dex+4:     It affects your dexterity (+4).
   rF+:       It protects you from fire.
   *Corrode:  It may corrode you when you take damage.
 J - a ring of protection from cold (right claw)
 S - a ring of ice
Wands
 I - a wand of polymorph (4)
 M - a wand of warping (3)
 O - a wand of charming (7)
 P - a wand of flame (10)
Scrolls
 c - 3 scrolls of torment {unknown}
 f - 2 scrolls of enchant armour
 h - 2 scrolls of fear {unknown}
 i - 2 scrolls of teleportation {unknown}
 r - a scroll of butterflies
 s - 2 scrolls of noise
 t - 2 scrolls of acquirement
 u - a scroll of blinking
 v - 3 scrolls of revelation {unknown}
 C - a scroll of enchant weapon
 D - 2 scrolls of vulnerability
 E - 2 scrolls of immolation
 G - 2 scrolls of amnesia
Potions
 e - a potion of curing {unknown}
 g - 4 potions of degeneration
 j - 2 potions of magic
 l - 3 potions of heal wounds
 m - 2 potions of brilliance {unknown}
 n - 2 potions of enlightenment {unknown}
 q - a potion of attraction {unknown}
 w - a potion of might {unknown}
 x - 3 potions of lignification {unknown}
 z - a potion of haste {unknown}
 B - 2 potions of invisibility
 F - a potion of resistance
 H - 2 potions of mutation
 N - a potion of experience


   Skills:
 - Level 10.0 Fighting
 + Level 5.7 Throwing
 - Level 5.0 Armour
 - Level 6.0 Dodging
 - Level 2.0 Stealth
 - Level 12.0 Unarmed Combat


You had 11 spell levels left.
You didn't know any spells.
Your spell library was empty.

Dungeon Overview and Level Annotations

Branches:
Dungeon (10/15) Zot: 26741  Temple (1/1) D:5 Zot: 5998    Lair (0/5) D:9
 Bailey (visited)
    Orc: D:9-12

Altars:
Ashenzari
Cheibriados
Dithmenos
Elyvilon
Fedhas
Gozag
Hepliaklqana
Kikubaaqudgha
Makhleb
Nemelex Xobeh
Okawaru
Qazlal
Ru
Sif Muna
Trog
Uskayaw
Vehumet
Wu Jian
Xom
Yredelemnul
Zin

Shops:
D:10 *(=[


Innate Abilities, Weirdness & Mutations

You are too large for most types of armour.
You have claws for hands.
Your natural rate of healing is unusually fast.
You are covered in fur. (AC +1)
You have tough skin. (AC +1)


Message History

The electric eel shoots out a bolt of lightning at you!
The bolt of electricity hits you! The yak gores you!
* * * LOW HITPOINT WARNING * * *
You mangle the yak!!
The yak is severely wounded.
Something hits you but does no damage.
You barely miss the yak.
The yak is severely wounded.
The yak gores you!
* * * LOW HITPOINT WARNING * * *
The electric eel shoots out a bolt of lightning at you!
The bolt of electricity hits something!
The bolt of electricity hits you!
* * * LOW HITPOINT WARNING * * *
The yak gores you.
* * * LOW HITPOINT WARNING * * *
Your corrosive artefact corrodes you!
You barely miss the yak.
The yak is severely wounded.
Something hits you.
* * * LOW HITPOINT WARNING * * *
You mangle the yak!!
You kill the yak!
Trog accepts your kill. Something hits you.
* * * LOW HITPOINT WARNING * * *
The yak barely misses you.
The electric eel shoots out a bolt of lightning at you!
The bolt of electricity hits you!
* * * LOW HITPOINT WARNING * * *
The yak gores you!
* * * LOW HITPOINT WARNING * * *
Okay, then.
You barely miss the yak. Something hits you.
* * * LOW HITPOINT WARNING * * *
You claw the yak!
The yak is moderately wounded.
Something hits you but does no damage. The yak misses you.
The electric eel shoots out a bolt of lightning at you!
The bolt of electricity hits you!
You die...

...#.. #†# #..##
.......#######)### #..#.
..........#...)..#####.#.
).ß.ß.ß.ß.#......##....#.
..........).........##[#.
....~≈~.............##...
..⌠.~≈~.⌠................
#...~≈~.Y...............#
....~≈~.@............#...
#.∩.~≈~)∩Y............[.#
....~S~..................
....~≈~..................
.(⌠.~≈~.⌠................
....~≈~........##.#..#..#
....~≈~....######.......#
#.∩.~≈~.∩..# #.<...#.#
....~≈~...## ......# #


You could see 2 yaks and an electric eel.

Vanquished Creatures
  A two-headed ogre (D:8)
  Sonja (D:10)
  Pikel (D:8)
  An orc knight (Bailey)
  A deep elf pyromancer (D:9)
  A deep elf zephyrmancer (D:9)
  Maggie (D:8)
  2 kobold demonologists (Bailey)
  Jeremiah (D:8)
  A troll (D:10)
  Sigmund (D:3)
  A shadow (D:9)
  29 yaks
  A wyvern (D:4)
  Eustachio (D:4)
  5 steam dragons
  An acid dragon (D:9)
  A water moccasin (D:4)
  A swamp drake (D:9)
  12 orc warriors
  A sky beast (D:6)
  4 black bears
  An ice beast (D:7)
  An ogre (D:7)
  4 centaurs
  A lemure (D:8)
  A phantom (D:5)
  5 gnoll sergeants
  3 kobold brigands
  2 bullfrogs (D:7)
  4 scorpions
  10 wights (D:7)
  11 killer bees
  5 electric eels (Bailey)
  2 howler monkeys
  A bombardier beetle (D:7)
  A crimson imp (D:9)
  8 orc priests
  An iron imp (D:9)
  5 hounds
  4 jellies
  4 gnoll boudas
  5 iguanas
  5 sleepcaps
  10 orc wizards
  4 hell rats (D:9)
  35 gnolls
  6 adders
  3 shadow imps
  2 white imps
  2 ufetubi (D:5)
  A dart slug (D:1)
  9 ribbon worms
  53 orcs
  11 ball pythons
  3 bats
  4 endoplasms
  4 giant cockroaches
  14 goblins
  12 hobgoblins
  12 jackals
  3 quokkas
  3 frilled lizards
  19 kobolds
  7 rats
370 creatures vanquished.

Vanquished Creatures (others)
  2 gnolls (D:8)
2 creatures vanquished.

Grand Total: 372 creatures vanquished

Notes
Turn   | Place    | Note
-------+----------+-------------------------------------------
     0 | D:1      | MailTree the Troll Berserker began the quest for the Orb.
     0 | D:1      | Reached XP level 1. HP: 22/22 MP: 0/0
    91 | D:1      | Reached skill level 1 in Stealth
    91 | D:1      | Reached XP level 2. HP: 29/29 MP: 1/1
   263 | D:1      | Found a faded altar of an unknown god.
   673 | D:2      | Reached XP level 3. HP: 31/36 MP: 2/2
   710 | D:2      | Reached ** piety under Trog
  1114 | D:3      | Found a snail-covered altar of Cheibriados.
  1240 | D:3      | Reached XP level 4. HP: 44/44 MP: 3/3
  1251 | D:3      | Noticed Sigmund
  1259 | D:3      | Killed Sigmund
  1260 | D:3      | Reached skill level 4 in Unarmed Combat
  1260 | D:3      | Reached XP level 5. HP: 49/53 MP: 4/4
  1292 | D:3      | Reached skill level 5 in Unarmed Combat
  1295 | D:3      | Reached XP level 6. HP: 61/61 MP: 5/5
  1866 | D:4      | Noticed a water moccasin
  1876 | D:4      | Killed a water moccasin
  1877 | D:4      | Reached skill level 6 in Unarmed Combat
  1958 | D:4      | Reached *** piety under Trog
  1966 | D:4      | Reached XP level 7. HP: 40/68 MP: 6/6
  2148 | D:4      | Found an opulent altar of Gozag.
  2161 | D:4      | Reached skill level 7 in Unarmed Combat
  2283 | D:4      | Identified the ring of Law {*Corrode rF+ Dex+4}
  2347 | D:4      | Noticed Eustachio
  2364 | D:4      | Killed Eustachio
  2365 | D:4      | Reached skill level 8 in Unarmed Combat
  2365 | D:4      | Reached XP level 8. HP: 75/78 MP: 7/7
  2566 | D:4      | Found a hazy altar of Hepliaklqana.
  2602 | D:5      | Entered Level 5 of the Dungeon
  2758 | D:5      | Reached skill level 9 in Unarmed Combat
  2795 | D:5      | Found a blossoming altar of Fedhas.
  2820 | D:5      | Found a staircase to the Ecumenical Temple.
  2854 | Temple   | Entered the Ecumenical Temple
  2869 | D:5      | Found a bloodstained altar of Trog.
  2924 | D:5      | Reached skill level 10 in Unarmed Combat
  2941 | D:5      | Reached **** piety under Trog
  3078 | D:5      | Reached skill level 5 in Fighting
  3218 | D:5      | Found an ancient bone altar of Kikubaaqudgha.
  3414 | D:5      | Identified a scroll of acquirement
  3419 | D:6      | Reached XP level 9. HP: 88/88 MP: 8/8
  4048 | D:7      | Found a glowing silver altar of Zin.
  4048 | D:7      | Found a sparkling altar of Nemelex Xobeh.
  4098 | D:7      | Reached ***** piety under Trog
  4149 | D:7      | Reached XP level 10. HP: 94/104 MP: 9/9
  4180 | D:7      | Reached skill level 5 in Dodging
  4468 | D:7      | Received a gift from Trog
  4486 | D:7      | Reached skill level 1 in Throwing
  4582 | D:7      | Found a radiant altar of Vehumet.
  4594 | D:7      | Reached skill level 1 in Armour
  4742 | D:8      | Noticed Jeremiah
  4758 | D:8      | Killed Jeremiah
  4783 | D:8      | Found a hide-covered altar of Uskayaw.
  5048 | D:8      | Found a white marble altar of Elyvilon.
  5110 | D:8      | Noticed a two-headed ogre
  5132 | D:8      | Killed a two-headed ogre
  5133 | D:8      | Reached skill level 5 in Throwing
  5189 | D:8      | Noticed Maggie
  5190 | D:8      | Found a stormy altar of Qazlal.
  5202 | D:8      | Killed Maggie
  5409 | D:8      | Noticed Pikel
  5419 | D:8      | Killed Pikel
  5508 | D:8      | Reached XP level 11. HP: 86/111 MP: 10/10
  5516 | D:8      | Reached skill level 5 in Armour
  6097 | D:9      | Found a shadowy altar of Dithmenos.
  6098 | D:9      | Received a gift from Trog
  6408 | D:9      | Reached skill level 11 in Unarmed Combat
  6447 | D:9      | Found a staircase to the Lair.
  6807 | D:9      | Noticed a deep elf pyromancer
  6823 | D:9      | Killed a deep elf pyromancer
  6827 | D:9      | Identified the +0 ring mail of the Gazing Gods {Harm}
  6837 | D:9      | Noticed a deep elf zephyrmancer
  6842 | D:9      | Killed a deep elf zephyrmancer
  7125 | D:9      | Reached skill level 12 in Unarmed Combat
  7180 | D:10     | Entered Level 10 of the Dungeon
  7267 | D:10     | Found a flagged portal.
  7278 | Bailey   | Entered a bailey
  7348 | Bailey   | Noticed an orc knight
  7362 | Bailey   | Killed an orc knight
  7532 | Bailey   | Found an iron altar of Okawaru.
  7535 | Bailey   | Noticed a sixfirhy
  8090 | D:10     | Found a sacrificial altar of Ru.
  8109 | D:10     | Noticed Sonja
  8122 | D:10     | Found Aleitada's Jewellery Shoppe.
  8129 | D:10     | Killed Sonja
  8134 | D:10     | Reached skill level 10 in Fighting
  8174 | D:10     | Reached XP level 12. HP: 124/126 MP: 11/11
  8187 | D:10     | Found Egiahyte's Assorted Antiques.
  8189 | D:10     | Found Piluanij's Armour Emporium.
  8189 | D:10     | Found Migadd's Antique Weapon Shoppe.
  8196 | D:10     | Received a gift from Trog
  8205 | D:10     | HP: 5/189 [yak (8)]
  8207 | D:10     | Killed from afar by an electric eel

Illustrated notes

Levels and vault maps discovered:
D:1:      elethiomel_arrival_infinity_welcomes_careful_drivers, layout_basic,
          shapermc_ecumenical_altar_starsandcircs
D:2:      layout_rooms
D:3:      layout_loops_ring, mainiacjoe_overflow_tiny_flanked,
          due_unseen_surprise, uniq_sigmund
D:4:      layout_basic, mainiacjoe_overflow_small_starburst,
          kennysheep_little_box, uniq_eustachio
D:5:      layout_gridville, marbit_many_paths, lemuel_round_altar,
          trog_ov_bears_minmay, temple_fountains, minmay_gold_behind_fungi,
          nicolae_wormholes
D:6:      layout_gridville
D:7:      minmay_bubble_buster, layout_rooms, grunt_temple_overflow_open,
          old_standard_altar, grunt_ministairs_5
D:8:      layout_cave_pools, nicolae_qazlal_style_of_elements,
          nicolae_uskayaw_dance_studio, mainiacjoe_overflow_six_doors_small,
          serial_gnoll_camp, gnoll_camp_mini_hut, gnoll_camp_mini_sergeant,
          gnoll_camp_medium_02, gnoll_camp_medium_01, uniq_jeremiah, uniq_pikel,
          uniq_maggie
D:9:      layout_layer_cave, grunt_dithmenos_shadows, dpeg_lair_monsters,
          hangedman_minor_magic
D:10:     layout_rooms, kennysheep_mini, nicolae_tso_swordbearing_angel,
          enter_bailey_3, nicolae_shop_national_dungeon_mall, uniq_sonja
Temple:   nicolae_temple_ecumenical_triangle

Skill      XL: |  1  2  3  4  5  6  7  8  9 10 11 |
---------------+----------------------------------+-----
Stealth        | 1 2 |  2.0
Fighting       | 3 4 5 8 10 | 10.0
Unarmed Combat | 4 5 6 8 10 12 | 12.0
Dodging        | 4 6 |  6.0
Throwing       | 5 |  5.7
Armour         | 4 5 |  5.0

Action                     |  1- 3 |  4- 6 |  7- 9 | 10-12 || total
---------------------------+-------+-------+-------+-------++-------
  Melee: Unarmed           |    95 |    66 |   220 |   580 ||   961
         Punch             |     3 |       |    13 |    32 ||    48
  Throw: Stone             |       |       |     1 |     1 ||     2
         Dart              |       |       |       |    10 ||    10
         Boomerang         |       |       |       |    30 ||    30
 Invoke: Berserk           |       |       |     2 |    11 ||    13
    Use: Scroll            |       |       |     8 |     7 ||    15
         Potion            |       |       |       |     1 ||     1
   Stab: Sleeping          |     1 |       |     7 |     3 ||    11
         Distracted        |       |       |     1 |       ||     1
 Armour: Animal skin       |    35 |     2 |       |       ||    37
         Robe              |       |    24 |   123 |    75 ||   222
         Swamp dragon scal |       |       |       |   301 ||   301
  Dodge: Dodged            |    46 |    27 |   100 |   344 ||   517

Table legend: (Time is in decaauts)
 A = Elapsed time spent in this place.
 B = Non-inter-level travel time spent in this place.
 C = Inter-level travel time spent in this place.
 D = Time resting spent in this place.
 E = Time spent auto-exploring this place.
 F = Levels seen in this place.
 G = Mean time per level.
                   A        B        C        D        E       F      G
               +--------+--------+--------+--------+--------+-----+--------+
         Total |   8127 |   7861 |    266 |    675 |   4910 |  12 |  677.2 |
       Dungeon |   7373 |   7107 |    266 |    557 |   4539 |  10 |  737.3 |
        Temple |      1 |      1 |      0 |      0 |      0 |   1 |    1.0 |
        Bailey |    751 |    751 |      0 |    118 |    371 |   1 |  751.0 |
               +--------+--------+--------+--------+--------+-----+--------+

Top non-repeatable levels by time:
     D:8: 1258 daAuts
     D:9: 1152 daAuts
     D:5: 810 daAuts
     D:4: 797 daAuts
     D:7: 784 daAuts
  Bailey: 751 daAuts
     D:3: 702 daAuts
     D:1: 637 daAuts
     D:6: 528 daAuts
     D:2: 445 daAuts
    D:10: 258 daAuts
  Temple: 1 daAuts
